 Dungeon Crawl Stone Soup version 0.28.0-43-g3370ac3207 (webtiles) character file.

Game seed: 4243088804905075907

5 funkygono the Covered (level 1, 0/14 HPs)
             Began as a Gargoyle Fighter on Mar 7, 2022.
             Frozen to death by an endoplasm (2 damage)
             ... on level 1 of the Dungeon.
             The game lasted 00:00:14 (164 turns).

funkygono the Covered (Gargoyle Fighter)             Turns: 164, Time: 00:00:14

Health: 0/14       AC:  9    Str: 19    XL:     1   Next: 80%
Magic:  1/1        EV:  9    Int:  8    God:
Gold:   0          SH:  4    Dex:  9    Spells: 0/0 levels left

rFire   . . .      SeeInvis .   a - +0 flail
rCold   . . .      Faith    .   c - +0 buckler
rNeg    + . .      Spirit   .   b - +0 scale mail
rPois   ∞          Reflect  .   (no helmet)
rElec   +          Harm     .   (no cloak)
rCorr   .          Rampage  .   (no gloves)
Will    .....                   (no boots)
Stlth   ..........              (no amulet)
HPRegen 0.04/turn               (no ring)
MPRegen 0.07/turn               (no ring)

@: no status effects
A: sickness immunity, AC +2, negative energy resistance 1, electricity
resistance, torment resistance 1, petrification resistance
a: no special abilities


You were on level 1 of the Dungeon.
You visited 1 branch of the dungeon, and saw 1 of its levels.

Inventory:

Hand Weapons
 a - a +0 flail (weapon)
Armour
 b - a +0 scale mail (worn)
 c - a +0 buckler (worn)
Potions
 d - a potion of might


   Skills:
 + Level 3.4 Fighting
 + Level 2.0 Maces & Flails
 + Level 3.5 Armour
 + Level 3.3 Shields


You couldn't memorise any spells.
You didn't know any spells.
Your spell library was empty.

Dungeon Overview and Level Annotations

Branches:
Dungeon (1/15)

Altars:


Innate Abilities, Weirdness & Mutations

You are immune to sickness and miasma.
Your stone body is resilient. (AC +2)
You are immune to poison.
You resist negative energy. (rN+)
You are resistant to electric shocks. (rElec)
You are resistant to unholy torment.
You are immune to petrification.


Message History

The dart slug launches a dart at you. The slug dart hits you.
You hit the dart slug but do no damage.
The dart slug bites you but does no damage.
You hit the dart slug.
The dart slug is moderately wounded.
The dart slug launches a dart at you. The slug dart misses you.
You hit the dart slug but do no damage.
The dart slug is moderately wounded.
You hit the dart slug.
The dart slug is heavily wounded.
You block the endoplasm's attack.
The dart slug bites you but does no damage.
You hit the dart slug.
The dart slug is heavily wounded.
The endoplasm hits you.
The dart slug bites you but does no damage.
The endoplasm barely misses you.
You completely miss the dart slug.
The dart slug is heavily wounded.
The dart slug bites you.
The endoplasm hits you but does no damage.
You hit the dart slug.
The dart slug is almost dead.
You block the endoplasm's attack. The dart slug launches a dart at you.
The slug dart hits you.
You thump the dart slug!
You kill the dart slug!
The endoplasm freezes you.
You are frozen.
* * * LOW HITPOINT WARNING * * *
The endoplasm hits you but does no damage.
The endoplasm hits you.
* * * LOW HITPOINT WARNING * * *
You hit the endoplasm but do no damage. The endoplasm freezes you.
You are frozen.
You die...

###.#####..#####.####
#.......#..##........
##.#.#.........##.###.
#........#..#####.#...
###..#..............#.#.
........#############.#.
.##.#.#.# #.#. ##.....#
#.## #..#.J@# #.##
...###..# #... .#..#...#
#### #....#.. # #......#
# .)....#.# # .#..#...#
# ..## ..# # #####


You could see an endoplasm.

Vanquished Creatures
  A dart slug (D:1)
  2 ball pythons (D:1)
3 creatures vanquished.

Notes
Turn   | Place    | Note
-------+----------+-------------------------------------------
     0 | D:1      | funkygono the Gargoyle Fighter began the quest for the Orb.
     0 | D:1      | Reached XP level 1. HP: 14/14 MP: 1/1
   164 | D:1      | Frozen to death by an endoplasm

Illustrated notes

Levels and vault maps discovered:
D:1:      lemuel_arrival_behind_the_door_large, layout_loops_cross,
          shapermc_ecumenical_altar_ellora, serial_glass, glass_columns_a,
          glass_columns_c, minmay_strange_pillars, item_on_display_a,
          minmay_worlds_worst_comb

Action                   || total
-------------------------++-------
Melee: Flail             ||    20
Armor: Scale mail        ||     9
Dodge: Dodged            ||     6
Block: Buckler           ||     6
